 Dungeon Crawl Stone Soup version 0.30-a0-476-g330ca2eb8e (webtiles) character file.

Game seed: 2043081294491285083

3227 p00ps00p the Cleaver (level 9, -7/124 HPs)
             Began as a Hill Orc Fighter on Dec 21, 2022.
             Was an Initiate of Gozag.
             Mangled by a boulder beetle (24 damage)
             ... on level 7 of the Dungeon.
             The game lasted 00:09:28 (7625 turns).

p00ps00p the Cleaver (Hill Orc Fighter)             Turns: 7625, Time: 00:09:29

Health: -7/124     AC: 24    Str: 23    XL:     9   Next: 98%
Magic:  0/9        EV:  2    Int:  8    God:    Gozag
Gold:   278        SH:  5    Dex: 10    Spells: 8/8 levels left

rFire   . . .      SeeInvis .    a - +1 war axe (elec)
rCold   . . .      Faith    .    c - +0 buckler
rNeg    . . .      Spirit   +    (body armour currently unavailable)
rPois   +          Reflect  .    (helmet currently unavailable)
rElec   .          Harm     .    (cloak currently unavailable)
rCorr   +          Rampage  .    (gloves currently unavailable)
Will    .....      NoTele   +    (boots currently unavailable)
Stlth   +.........               t - amulet of guardian spirit
HPRegen 0.40/turn                s - +4 ring of evasion
MPRegen 0.11/turn                y - ring of resist corrosion

@: tree-form
A: stationary, stasis, torment immunity, boosted hp
a: Renounce Religion, Potion Petition, Call Merchant, Bribe Branch


You were on level 7 of the Dungeon.
You worshipped Gozag.
Gozag was aware of your devotion.
You were a tree.
You visited 2 branches of the dungeon, and saw 8 of its levels.

You collected 522 gold pieces.
You spent 115 gold pieces at shops.
You paid 129 gold pieces to Gozag.

Inventory:

Hand Weapons
 a - a +1 war axe of electrocution (weapon)
Missiles
 m - 7 curare-tipped darts (quivered)
Armour
 b - a scarf of repulsion (melded)
 c - a +0 buckler (worn)
 d - a +0 hat
 e - the +1 ring mail of Valiance {Int+4}
   (You found it on level 2 of the Dungeon)

   Int:       It affects your intelligence (+4).
 l - a +0 pair of boots
 u - a +0 plate armour (melded)
Jewellery
 s - a +4 ring of evasion (left branch)
 t - an amulet of guardian spirit (around neck)
 y - a ring of resist corrosion (right branch)
Wands
 f - a wand of flame (11)
Scrolls
 i - a scroll of identify
 q - a scroll of magic mapping
Potions
 g - 3 potions of cancellation
 h - a potion of mutation
 j - 6 potions of attraction
 n - a potion of degeneration
 o - a potion of invisibility {unknown}
 v - 2 potions of resistance {unknown}
 w - a potion of brilliance {unknown}
 x - a potion of magic {unknown}


   Skills:
 + Level 9.0 Fighting
 + Level 9.3 Axes
 + Level 8.2 Armour
 + Level 8.2 Shields


You had 8 spell levels left.
You didn't know any spells.
Your spell library contained the following spells:

 Spells                   Type           Power      Damage    Failure   Level
 Static Discharge         Conj/Air       0%         2-2/arc   63%         2
 Gell's Gravitas          Tloc           0%         N/A       85%         3
 Lesser Beckoning         Tloc           0%         N/A       85%         3
 Teleport Other           Tloc           0%         N/A       85%         3
 Vhi's Electric Charge    Tloc/Air       0%         N/A       85%         3
 Arcjolt                  Conj/Air       0%         1d10      100%        5
 Lightning Bolt           Conj/Air       0%         1d11      100%        5


Dungeon Overview and Level Annotations

Branches:
Dungeon (7/15)             Temple (1/1) D:4

Altars:
Dithmenos
Elyvilon
Gozag
Ru
Trog
Uskayaw
Wu Jian
Zin
Beogh

Shops:
D:5 *


Message History

The boulder beetle bites you!
* * * LOW HITPOINT WARNING * * *
You barely miss the boulder beetle.
The boulder beetle is heavily wounded.
The boulder beetle closely misses you.
You hit the boulder beetle but do no damage.
The boulder beetle is heavily wounded.
The boulder beetle bites you but does no damage.
You hit the boulder beetle but do no damage.
Lightning courses through the boulder beetle!
The boulder beetle is severely wounded.
The boulder beetle bites you!
* * * LOW HITPOINT WARNING * * *
Unknown command.
Really quaff the potion of lignification?
You turn into a tree.
Your scarf of repulsion melds into your body.
Your +0 plate armour melds into your body.
The haze of the repulsion field disappears.
Your roots penetrate the ground.
The boulder beetle bites you!
* * * LOW HITPOINT WARNING * * *
You slash the boulder beetle!
The boulder beetle is severely wounded.
The boulder beetle bites you.
* * * LOW HITPOINT WARNING * * *
You hit the boulder beetle.
The boulder beetle is almost dead.
The boulder beetle bites you.
* * * LOW HITPOINT WARNING * * *
You barely miss the boulder beetle.
The boulder beetle is severely wounded.
The boulder beetle bites you but does no damage.
The boulder beetle leaps!
You cannot move.
You cannot move.
The boulder beetle leaps!
The boulder beetle curls into a ball and begins rolling!
The boulder beetle hits you!!
You die...
Your body crumbles into a pile of gold.

♣♣♣.# ♣ #.#. ..###
....# ##... ....
#♣.♣## #..#.....
.... ###....#..#
#♣...♣#
#.....(#°>###.♣.♣.#
#....:.○....#♣...♣#
#......B....#.....#
#....?.♣....###.####
#..........#$......#
#...........$$..####
#....<......$####
###..........#
#..........#
#..........#
#..[.......#
##........##


You could see a boulder beetle (rolling).

Vanquished Creatures
  A manticore (D:7)
  Prince Ribbit (D:6)
  A wyvern (D:7)
  Menkaure (D:5)
  4 water moccasins
  An ice beast (D:7)
  A sky beast (D:5)
  An ogre (D:6)
  A centaur (D:7)
  2 bullfrogs
  A necrophage (D:6)
  A kobold brigand (D:7)
  A gnoll sergeant (D:6)
  4 scorpions
  4 wights (D:7)
  A killer bee (D:7)
  2 howler monkeys
  3 hounds
  A gnoll bouda (D:7)
  5 jellies
  2 orc priests (D:7)
  4 iguanas
  5 orc wizards
  4 gnolls
  6 adders
  A white imp (D:7)
  An ufetubus (D:7)
  2 worms (D:2)
  2 dart slugs (D:2)
  12 orcs
  8 ball pythons
  5 bats
  2 endoplasms
  3 giant cockroaches
  8 goblins
  6 hobgoblins
  3 jackals (D:3)
  5 quokkas
  3 frilled lizards (D:2)
  8 kobolds
  10 rats
137 creatures vanquished.

Vanquished Creatures (others)
  14 plants (D:7)
14 creatures vanquished.

Grand Total: 151 creatures vanquished

Notes
Turn   | Place    | Note
-------+----------+-------------------------------------------
     0 | D:1      | p00ps00p the Hill Orc Fighter began the quest for the Orb.
     0 | D:1      | Reached XP level 1. HP: 19/19 MP: 1/1
   171 | D:1      | Reached XP level 2. HP: 27/27 MP: 2/2
   749 | D:2      | Reached XP level 3. HP: 33/33 MP: 3/3
   803 | D:2      | Found a roughly hewn altar of Beogh.
   852 | D:2      | Found a faded altar of an unknown god.
   952 | D:2      | Identified the +1 ring mail of Valiance {Int+4}
  1058 | D:2      | Reached XP level 4. HP: 34/40 MP: 4/4
  1648 | D:3      | Found a white marble altar of Elyvilon.
  2458 | D:4      | Reached XP level 5. HP: 41/47 MP: 5/5
  2504 | D:4      | Noticed a water moccasin
  2515 | D:4      | Killed a water moccasin
  2516 | D:4      | Reached skill level 5 in Fighting
  2516 | D:4      | Reached XP level 6. HP: 26/56 MP: 6/6
  2622 | D:4      | Found a staircase to the Ecumenical Temple.
  3220 | D:5      | Entered Level 5 of the Dungeon
  3335 | D:5      | Found a bloodstained altar of Trog.
  3352 | D:5      | Reached skill level 5 in Axes
  3352 | D:5      | Reached skill level 5 in Armour
  3399 | D:5      | Noticed a water moccasin
  3414 | D:5      | Killed a water moccasin
  3415 | D:5      | Reached skill level 5 in Shields
  3415 | D:5      | Reached XP level 7. HP: 25/62 MP: 7/7
  4146 | D:5      | Found a sacrificial altar of Ru.
  4182 | D:5      | Found Yfiumoga's General Store.
  4185 | D:5      | Bought a scroll of identify for 20 gold pieces
  4185 | D:5      | Bought a scroll of brand weapon for 95 gold pieces
  4202 | D:5      | Noticed Menkaure
  4207 | D:5      | Killed Menkaure
  4772 | D:6      | Reached XP level 8. HP: 66/71 MP: 8/8
  4797 | D:6      | HP: 3/71 [hound (3)]
  5263 | D:6      | Noticed Prince Ribbit
  5308 | D:6      | HP: 3/71 [Prince Ribbit (14)]
  5309 | D:6      | HP: 1/71 [Prince Ribbit (2)]
  5329 | D:7      | Noticed a wyvern
  5367 | D:6      | HP: 2/71 [Prince Ribbit (10)]
  5389 | D:6      | Killed Prince Ribbit
  5914 | D:6      | Found a hide-covered altar of Uskayaw.
  6700 | Temple   | Entered the Ecumenical Temple
  6706 | Temple   | Became a worshipper of Gozag Ym Sagoz the Greedy
  6822 | D:7      | Reached XP level 9. HP: 56/79 MP: 9/9
  7381 | D:7      | Noticed a boulder beetle
  7382 | D:7      | Noticed a manticore
  7386 | D:7      | Noticed a centaur warrior
  7391 | D:7      | Killed a manticore
  7625 | D:7      | Mangled by a boulder beetle

Illustrated notes

Levels and vault maps discovered:
D:1:      dpeg_arrival_shelter, layout_loops_ring
D:2:      layout_basic, hellmonk_ecumenical_altar_defaced_shrine, hex_tiny,
          minmay_box_of_dots
D:3:      layout_basic, mainiacjoe_overflow_paths
D:4:      layout_loops_ring, temple_hall, grunt_ministairs_2
D:5:      layout_basic, kennysheep_mini, old_standard_altar, serial_shops,
          kennysheep_mini_moat, uniq_menkaure
D:6:      layout_cave_pools, nicolae_uskayaw_dance_hall, chequers_jeans,
          uniq_prince_ribbit1
D:7:      nzn_winding_woodlands_large [nzn_winding_woodlands_hourglass,
          nzn_winding_woodlands_5x15_concentric,
          nzn_winding_woodlands_5x5_checkerboard,
          nzn_winding_woodlands_center_triple_pond,
          nzn_winding_woodlands_15x15_thick_spiral,
          nzn_winding_woodlands_center_garden,
          nzn_winding_woodlands_5x5_perimeter,
          nzn_winding_woodlands_5x15_garden, nzn_winding_woodlands_5x5_cross],
          layout_rooms, pf_just_have_faith, vehumet_altar_wand_db,
          nicolae_hepliaklqana_hippocampus
Temple:   dshaligram_water_room_temple

Skill      XL: |  1  2  3  4  5  6  7  8  9 |
---------------+----------------------------+-----
Axes           | 3 4 5 6 7 9 |  9.3
Fighting       | 4 5 6 7 9 |  9.0
Armour         | 4 5 6 8 |  8.2
Shields        | 4 5 6 8 |  8.2

Action                   |  1- 3 |  4- 6 |  7- 9 || total
-------------------------+-------+-------+-------++-------
Melee: War axe           |   107 |   160 |   216 ||   483
Evoke: Wand              |       |       |     5 ||     5
  Use: Scroll            |     5 |     8 |     9 ||    22
       Potion            |       |     4 |    11 ||    15
 Stab: Distracted        |       |       |     2 ||     2
Armor: Scale mail        |    35 |       |       ||    35
       Ring mail         |     4 |    61 |       ||    65
       Plate armour      |       |    19 |   136 ||   155
       Skin              |       |       |     7 ||     7
Dodge: Dodged            |    43 |    71 |    95 ||   209
Block: Buckler           |    30 |    48 |    56 ||   134

Table legend: (Time is in decaauts)
 A = Elapsed time spent in this place.
 B = Non-inter-level travel time spent in this place.
 C = Inter-level travel time spent in this place.
 D = Time resting spent in this place.
 E = Time spent auto-exploring this place.
 F = Levels seen in this place.
 G = Mean time per level.
                   A        B        C        D        E       F      G
               +--------+--------+--------+--------+--------+-----+--------+
         Total |   7721 |   7438 |    283 |   2483 |   3711 |   8 |  965.1 |
       Dungeon |   7695 |   7425 |    270 |   2483 |   3708 |   7 | 1099.3 |
        Temple |     25 |     13 |     12 |      0 |      3 |   1 |   25.0 |
               +--------+--------+--------+--------+--------+-----+--------+

Top non-repeatable levels by time:
     D:6: 1844 daAuts
     D:5: 1564 daAuts
     D:4: 1035 daAuts
     D:2: 1019 daAuts
     D:7: 919 daAuts
     D:1: 680 daAuts
     D:3: 631 daAuts
  Temple: 25 daAuts
